Connexion

CALGARY Flames vs VANCOUVER Canucks (R3)

Created - 5 février 2024 at 05:45

Goals
1 2 3 T
CALGARY Flames 0 2 0 2
VANCOUVER Canucks 2 1 0 3
Shots
1 2 3 T
CALGARY Flames 3 8 5 16
VANCOUVER Canucks 8 20 12 40

GoalsPenalties
1st period
1. VANCOUVER Canucks , Travis Hamonic 11 (Nate Schmidt 48) at 2:43 (PP)
2. VANCOUVER Canucks , Vladimir Tarasenko 19 (Jack Eichel 48, Matt Duchene 44) at 19:55
Nils Hoglander (CGY) for Slashing (Double Minor) at 2:13
Sidney Crosby (CGY) for High sticking (Minor) at 5:32
2nd period
3. CALGARY Flames , Sidney Crosby 22 (Kevin Fiala 39, Miro Heiskanen 36) at 0:57 (PP)
4. CALGARY Flames , Blake Coleman 9 (Nils Hoglander 7, Ryan Suter 17) at 1:38
5. VANCOUVER Canucks , Casey Mittelstadt 16 (Joel Eriksson EK 28, Mattias Ekholm 15) at 15:40 (PP)
Vladimir Tarasenko (VAN) for Slashing (Minor) at 0:06
John Klingberg (CGY) for Roughing (Minor) at 2:34
Juuso Valimaki (CGY) for Interference (Minor) at 2:43
Seth Jones (CGY) for Tripping (Minor) at 14:01
3rd period
No Goal
Travis Hamonic (VAN) for Interference (Minor) at 0:49
Andrew Cogliano (CGY) for Tripping (Minor) at 7:05
Kevin Fiala (CGY) for Interference (Minor) at 13:15
Goalie Stats
Marc-Andre Fleury (CGY), 37 saves from 40 shots - (0,925), L, 24-19-3, 59:01 minutes
Jeremy Swayman (VAN), 14 saves from 16 shots - (0,875), W, 16-19-2, 60:00 minutes
3 StarsOfficial
1 - Blake Coleman (CGY)
2 - Casey Mittelstadt (VAN)
3 - Vladimir Tarasenko (VAN)
Referees : Dean Morton and Kyle Rehman
Linesman : Greg Devorski and Michel Cormier
Game Note
No Game Note
Finance
Level 1 -- Attendance: 6000 (100,00%) -- Ticket Income $720,000
Level 2 -- Attendance: 5630 (100,00%) -- Ticket Income $422,250
Level 3 -- Attendance: 1951 (97,55%) -- Ticket Income $87,795
Level 4 -- Attendance: 4000 (100,00%) -- Ticket Income $120,000
Luxury Box -- Attendance: 955 (95,50%) -- Ticket Income $214,875
Game was played at the Rogers Arena.
Total Attendance: 18536 (99,50%)
Total Ticket Income: $1,564,920
Other Income: $312,984
Total Income: $1,877,904



Team Name Goals Shots Shots Attemp Shots Blocked PIM HIT PP PK FO%
CALGARY Flames 21634916211 / 2 (50%)235%
VANCOUVER Canucks 3406544202 / 8 (25%)165%

CALGARY Flames
Player Name POS G A P +/- PIM HIT SHT SB MP PP MP PP SHT PK MP PK SHT FO% FOT
Alex NewhookC000000109:240:2200:00030% 10
Andrew CoglianoC/LW/RW000021007:560:0000:0000% 0
Blake ColemanC/LW/RW1010022113:180:0004:1600% 0
Carter Rowney C/RW0000032016:370:5201:4200% 0
Emil BemstromLW/RW000000007:570:0000:0000% 0
Jakub VoracekLW/RW0000003119:480:5205:510100% 1
John KlingbergD0000241023:031:5805:0300% 0
Juuso ValimakiD000-1220117:080:5201:1000% 0
Kevin FialaLW/RW0110211017:031:5800:1300% 2
Max PaciorettyLW0000003115:311:3600:0000% 0
Miro HeiskanenD011-1001224:231:3606:5100% 0
Nick SchmaltzC0000001019:560:5205:59030% 30
Nils HoglanderLW011040009:080:0000:0700% 1
Ryan HartmanC/RW000000007:570:0000:00033% 6
Ryan SuterD0111000119:480:2205:3800% 0
Seth JonesD0000240121:000:5204:5600% 0
Sidney CrosbyC1010201021:181:5814:28045% 22
Steven OleksyD0001040114:350:0000:4700% 0
VANCOUVER Canucks
Player Name POS G A P +/- PIM HIT SHT SB MP PP MP PP SHT PK MP PK SHT FO% FOT
Ben ChiarotD0000021011:380:0000:0000% 0
Casey MittelstadtC1010003020:005:5010:00070% 20
Devin ShoreC/LW/RW000002109:470:0000:00050% 6
Jack EichelC0110012022:246:0210:00066% 29
Janne KuokkanenLW0000003010:580:2100:000100% 1
Joel Eriksson EKC/LW/RW0110025020:275:5030:2700% 0
Logan ShawC/RW000000006:570:2101:5800% 1
Matt DucheneC/LW0110022022:496:0200:2500% 0
Mattias EkholmD0111011022:406:1111:4500% 0
Michael RasmussenC000000005:030:0000:25050% 6
Nate SchmidtD011-1015225:426:0221:0500% 0
Oskar LindblomLW/RW000000209:470:0000:000100% 2
Ryan DzingelC/LW/RW0000001019:105:5000:00067% 3
Ryan PulockD0001025122:406:1151:4500% 0
Tobias BjornfotD0000002112:280:0000:5000% 0
Tomas NosekC/LW000000106:570:2101:580100% 3
Travis HamonicD101-1242024:516:0210:1500% 0
Vladimir TarasenkoRW1010234022:506:0210:2700% 1



Play-by-Play

1st period


0:01 of 1st period - Jack Eichel wins face-off versus Kevin Fiala in neutral zone.
1:32 of 1st period - Jakub Voracek is hit by Ryan Pulock.
2:13 of 1st period - Double Minor Penalty to Nils Hoglander for Slashing.
2:14 of 1st period - Nick Schmaltz wins face-off versus Jack Eichel in CALGARY Flames zone.
2:14 of 1st period - Jakub Voracek is hit by Vladimir Tarasenko and loses puck.
2:19 of 1st period - Shot by Nate Schmidt.
2:19 of 1st period - Shot Blocked by Jakub Voracek.
2:39 of 1st period - Shot by Nate Schmidt.
2:39 of 1st period - Shot Misses the Net.
2:41 of 1st period - Shot by Travis Hamonic.
2:41 of 1st period - Shot Misses the Net.
2:43 of 1st period - Shot by Travis Hamonic.
2:43 of 1st period - Goal by Travis Hamonic - CALGARY Flames : 0 - VANCOUVER Canucks : 1.
2:44 of 1st period - Jack Eichel wins face-off versus Nick Schmaltz in neutral zone.
4:09 of 1st period - Shot by Jack Eichel.
4:09 of 1st period - Shot Blocked by Miro Heiskanen.
4:31 of 1st period - Shot by Ryan Pulock.
4:31 of 1st period - Stopped by Marc-Andre Fleury without a rebound.
4:32 of 1st period - Casey Mittelstadt wins face-off versus Nick Schmaltz in CALGARY Flames zone.
4:41 of 1st period - Shot by Ryan Pulock.
4:41 of 1st period - Stopped by Marc-Andre Fleury without a rebound.
4:42 of 1st period - Casey Mittelstadt wins face-off versus Nick Schmaltz in CALGARY Flames zone.
5:32 of 1st period - Minor Penalty to Sidney Crosby for High sticking.
5:33 of 1st period - Nick Schmaltz wins face-off versus Casey Mittelstadt in CALGARY Flames zone.
5:44 of 1st period - Shot by Ryan Pulock.
5:44 of 1st period - Stopped by Marc-Andre Fleury without a rebound.
5:45 of 1st period - Jack Eichel wins face-off versus Nick Schmaltz in CALGARY Flames zone.
6:04 of 1st period - Shot by Nate Schmidt.
6:04 of 1st period - Stopped by Marc-Andre Fleury without a rebound.
6:05 of 1st period - Jakub Voracek wins face-off versus Casey Mittelstadt in CALGARY Flames zone.
7:23 of 1st period - Travis Hamonic is hit by John Klingberg and loses puck.
8:30 of 1st period - Tobias Bjornfot is hit by Carter Rowney and loses puck.
8:43 of 1st period - Ben Chiarot is hit by Carter Rowney and loses puck.
9:53 of 1st period - Icing by Matt Duchene.
9:54 of 1st period - Jack Eichel wins face-off versus Alex Newhook in VANCOUVER Canucks zone.
11:24 of 1st period - Shot by Max Pacioretty.
11:24 of 1st period - Stopped by Jeremy Swayman without a rebound.
11:25 of 1st period - Sidney Crosby wins face-off versus Michael Rasmussen in VANCOUVER Canucks zone.
11:31 of 1st period - Off-side.
11:32 of 1st period - Oskar Lindblom wins face-off versus Nick Schmaltz in neutral zone.
11:49 of 1st period - Shot by Max Pacioretty.
11:49 of 1st period - Stopped by Jeremy Swayman with a rebound.
14:09 of 1st period - Tobias Bjornfot is hit by John Klingberg and loses puck.
14:36 of 1st period - Icing by John Klingberg.
14:37 of 1st period - Michael Rasmussen wins face-off versus Alex Newhook in CALGARY Flames zone.
14:37 of 1st period - Michael Rasmussen is hit by Seth Jones.
14:41 of 1st period - Shot by Logan Shaw.
14:41 of 1st period - Shot Misses the Net.
14:50 of 1st period - Michael Rasmussen is hit by Seth Jones and loses puck.
16:51 of 1st period - Shot by Nick Schmaltz.
16:51 of 1st period - Shot Misses the Net.
16:55 of 1st period - Shot by Jakub Voracek.
16:55 of 1st period - Stopped by Jeremy Swayman without a rebound.
16:56 of 1st period - Casey Mittelstadt wins face-off versus Ryan Hartman in VANCOUVER Canucks zone.
17:11 of 1st period - Shot by Joel Eriksson EK.
17:11 of 1st period - Shot Misses the Net.
17:13 of 1st period - Shot by Ryan Dzingel.
17:13 of 1st period - Shot Misses the Net.
17:15 of 1st period - Shot by Ryan Dzingel.
17:15 of 1st period - Shot Blocked by Miro Heiskanen.
17:50 of 1st period - Miro Heiskanen is hit by Ben Chiarot and loses puck.
18:09 of 1st period - Shot by Matt Duchene.
18:09 of 1st period - Stopped by Marc-Andre Fleury without a rebound.
18:10 of 1st period - Nick Schmaltz wins face-off versus Michael Rasmussen in CALGARY Flames zone.
18:31 of 1st period - Shot by Tomas Nosek.
18:31 of 1st period - Stopped by Marc-Andre Fleury with a rebound.
18:37 of 1st period - Shot by Nate Schmidt.
18:37 of 1st period - Shot Misses the Net.
19:41 of 1st period - Icing by Mattias Ekholm.
19:42 of 1st period - Alex Newhook wins face-off versus Jack Eichel in VANCOUVER Canucks zone.
19:53 of 1st period - Shot by Jack Eichel.
19:53 of 1st period - Shot Misses the Net.
19:55 of 1st period - Shot by Vladimir Tarasenko.
19:55 of 1st period - Goal by Vladimir Tarasenko - CALGARY Flames : 0 - VANCOUVER Canucks : 2.
19:56 of 1st period - Nick Schmaltz wins face-off versus Ryan Dzingel in neutral zone.
Goals for this period are 0 for CALGARY Flames vs 2 for VANCOUVER Canucks .
Shots for this period are 3 for CALGARY Flames vs 8 for VANCOUVER Canucks .

2nd period


0:01 of 2nd period - Jack Eichel wins face-off versus Nick Schmaltz in neutral zone.
0:06 of 2nd period - Minor Penalty to Vladimir Tarasenko for Slashing.
0:07 of 2nd period - Tomas Nosek wins face-off versus Sidney Crosby in VANCOUVER Canucks zone.
0:07 of 2nd period - Tomas Nosek is hit by Kevin Fiala.
0:20 of 2nd period - Icing by Miro Heiskanen.
0:21 of 2nd period - Tomas Nosek wins face-off versus Sidney Crosby in CALGARY Flames zone.
0:21 of 2nd period - Tomas Nosek is hit by John Klingberg.
0:51 of 2nd period - Shot by Miro Heiskanen.
0:51 of 2nd period - Shot Misses the Net.
0:53 of 2nd period - Shot by Sidney Crosby.
0:53 of 2nd period - Deflect By Kevin Fiala.
0:53 of 2nd period - Shot Misses the Net.
0:57 of 2nd period - Shot by Sidney Crosby.
0:57 of 2nd period - Goal by Sidney Crosby - CALGARY Flames : 1 - VANCOUVER Canucks : 2.
0:58 of 2nd period - Alex Newhook wins face-off versus Jack Eichel in neutral zone.
1:01 of 2nd period - Shot by Nils Hoglander.
1:01 of 2nd period - Shot Blocked by Nate Schmidt.
1:04 of 2nd period - Icing by Vladimir Tarasenko.
1:05 of 2nd period - Jack Eichel wins face-off versus Alex Newhook in VANCOUVER Canucks zone.
1:05 of 2nd period - Nate Schmidt is hit by Blake Coleman.
1:13 of 2nd period - Shot by Blake Coleman.
1:13 of 2nd period - Stopped by Jeremy Swayman without a rebound.
1:14 of 2nd period - Alex Newhook wins face-off versus Jack Eichel in VANCOUVER Canucks zone.
1:38 of 2nd period - Shot by Blake Coleman.
1:38 of 2nd period - Goal by Blake Coleman - CALGARY Flames : 2 - VANCOUVER Canucks : 2.
1:39 of 2nd period - Casey Mittelstadt wins face-off versus Nick Schmaltz in neutral zone.
2:12 of 2nd period - Shot by Nick Schmaltz.
2:12 of 2nd period - Deflect By Jakub Voracek.
2:12 of 2nd period - Shot Misses the Net.
2:19 of 2nd period - Ryan Pulock is hit by Seth Jones.
2:34 of 2nd period - Minor Penalty to John Klingberg for Roughing.
2:35 of 2nd period - Jack Eichel wins face-off versus Sidney Crosby in CALGARY Flames zone.
2:35 of 2nd period - Nate Schmidt is hit by Juuso Valimaki and loses puck.
2:38 of 2nd period - Shot by Vladimir Tarasenko.
2:38 of 2nd period - Shot Misses the Net.
2:40 of 2nd period - Shot by Vladimir Tarasenko.
2:40 of 2nd period - Shot Blocked by Blake Coleman.
2:42 of 2nd period - Shot by Travis Hamonic.
2:42 of 2nd period - Shot Blocked by Juuso Valimaki.
2:43 of 2nd period - Minor Penalty to Juuso Valimaki for Interference.
2:44 of 2nd period - Sidney Crosby wins face-off versus Jack Eichel in CALGARY Flames zone.
2:57 of 2nd period - Shot by Matt Duchene.
2:57 of 2nd period - Deflect By Jack Eichel.
2:57 of 2nd period - Stopped by Marc-Andre Fleury without a rebound.
2:58 of 2nd period - Jack Eichel wins face-off versus Sidney Crosby in CALGARY Flames zone.
3:36 of 2nd period - Shot by Nate Schmidt.
3:36 of 2nd period - Stopped by Marc-Andre Fleury with a rebound.
3:38 of 2nd period - Shot by Matt Duchene.
3:38 of 2nd period - Deflect By Jack Eichel.
3:38 of 2nd period - Shot Misses the Net.
3:58 of 2nd period - Shot by Mattias Ekholm.
3:58 of 2nd period - Stopped by Marc-Andre Fleury without a rebound.
3:59 of 2nd period - Casey Mittelstadt wins face-off versus Sidney Crosby in CALGARY Flames zone.
4:00 of 2nd period - Shot by Ryan Pulock.
4:00 of 2nd period - Shot Blocked by Steven Oleksy.
4:02 of 2nd period - Shot by Ryan Pulock.
4:02 of 2nd period - Shot Misses the Net.
4:04 of 2nd period - Shot by Joel Eriksson EK.
4:04 of 2nd period - Stopped by Marc-Andre Fleury with a rebound.
4:15 of 2nd period - Ryan Dzingel is hit by Steven Oleksy and loses puck.
4:25 of 2nd period - Ryan Dzingel is hit by Steven Oleksy and loses puck.
4:44 of 2nd period - Shot by Janne Kuokkanen.
4:44 of 2nd period - Stopped by Marc-Andre Fleury without a rebound.
4:45 of 2nd period - Jack Eichel wins face-off versus Nick Schmaltz in CALGARY Flames zone.
5:23 of 2nd period - Jack Eichel is hit by Juuso Valimaki and loses puck.
5:30 of 2nd period - Shot by Jack Eichel.
5:30 of 2nd period - Deflect By Vladimir Tarasenko.
5:30 of 2nd period - Shot Misses the Net.
5:56 of 2nd period - Shot by Tobias Bjornfot.
5:56 of 2nd period - Shot Misses the Net.
5:58 of 2nd period - Shot by Devin Shore.
5:58 of 2nd period - Shot Misses the Net.
6:00 of 2nd period - Shot by Oskar Lindblom.
6:00 of 2nd period - Stopped by Marc-Andre Fleury with a rebound.
7:46 of 2nd period - Ryan Hartman is hit by Vladimir Tarasenko.
7:50 of 2nd period - Shot by Miro Heiskanen.
7:50 of 2nd period - Stopped by Jeremy Swayman without a rebound.
7:51 of 2nd period - Michael Rasmussen wins face-off versus Nick Schmaltz in VANCOUVER Canucks zone.
8:01 of 2nd period - Off-side.
8:02 of 2nd period - Jack Eichel wins face-off versus Nils Hoglander in neutral zone.
8:17 of 2nd period - Shot by Ben Chiarot.
8:17 of 2nd period - Stopped by Marc-Andre Fleury with a rebound.
8:24 of 2nd period - Vladimir Tarasenko is hit by John Klingberg and loses puck.
9:37 of 2nd period - Shot by Nick Schmaltz.
9:37 of 2nd period - Shot Misses the Net.
9:42 of 2nd period - Nick Schmaltz is hit by Travis Hamonic.
9:45 of 2nd period - Jakub Voracek is hit by Travis Hamonic and loses puck.
9:58 of 2nd period - Off-side.
9:59 of 2nd period - Sidney Crosby wins face-off versus Devin Shore in neutral zone.
10:41 of 2nd period - Icing by Ryan Pulock.
10:42 of 2nd period - Oskar Lindblom wins face-off versus Ryan Hartman in VANCOUVER Canucks zone.
10:42 of 2nd period - Oskar Lindblom is hit by Andrew Cogliano.
10:56 of 2nd period - Juuso Valimaki is hit by Devin Shore and loses puck.
11:51 of 2nd period - Shot by Nick Schmaltz.
11:51 of 2nd period - Shot Misses the Net.
11:53 of 2nd period - Shot by Jakub Voracek.
11:53 of 2nd period - Shot Misses the Net.
11:55 of 2nd period - Shot by Seth Jones.
11:55 of 2nd period - Shot Misses the Net.
11:57 of 2nd period - Shot by Jakub Voracek.
11:57 of 2nd period - Stopped by Jeremy Swayman with a rebound.
12:01 of 2nd period - Shot by Max Pacioretty.
12:01 of 2nd period - Stopped by Jeremy Swayman without a rebound.
12:02 of 2nd period - Casey Mittelstadt wins face-off versus Sidney Crosby in VANCOUVER Canucks zone.
12:32 of 2nd period - Casey Mittelstadt is hit by Steven Oleksy and loses puck.
13:14 of 2nd period - Icing by Mattias Ekholm.
13:15 of 2nd period - Devin Shore wins face-off versus Alex Newhook in VANCOUVER Canucks zone.
13:50 of 2nd period - Off-side.
13:51 of 2nd period - Jack Eichel wins face-off versus Nick Schmaltz in neutral zone.
13:58 of 2nd period - Shot by Vladimir Tarasenko.
13:58 of 2nd period - Stopped by Marc-Andre Fleury without a rebound.
13:59 of 2nd period - Jack Eichel wins face-off versus Nick Schmaltz in CALGARY Flames zone.
14:01 of 2nd period - Minor Penalty to Seth Jones for Tripping.
14:02 of 2nd period - Nick Schmaltz wins face-off versus Jack Eichel in CALGARY Flames zone.
14:46 of 2nd period - Shot by Jack Eichel.
14:46 of 2nd period - Deflect By Vladimir Tarasenko.
14:46 of 2nd period - Stopped by Marc-Andre Fleury without a rebound.
14:47 of 2nd period - Casey Mittelstadt wins face-off versus Nick Schmaltz in CALGARY Flames zone.
14:48 of 2nd period - Shot by Ryan Pulock.
14:48 of 2nd period - Stopped by Marc-Andre Fleury without a rebound.
14:49 of 2nd period - Casey Mittelstadt wins face-off versus Nick Schmaltz in CALGARY Flames zone.
14:56 of 2nd period - Shot by Ryan Pulock.
14:56 of 2nd period - Stopped by Marc-Andre Fleury with a rebound.
14:58 of 2nd period - Shot by Joel Eriksson EK.
14:58 of 2nd period - Stopped by Marc-Andre Fleury without a rebound.
14:59 of 2nd period - Casey Mittelstadt wins face-off versus Nick Schmaltz in CALGARY Flames zone.
15:32 of 2nd period - Shot by Joel Eriksson EK.
15:32 of 2nd period - Shot Misses the Net.
15:38 of 2nd period - Shot by Joel Eriksson EK.
15:38 of 2nd period - Stopped by Marc-Andre Fleury with a rebound.
15:40 of 2nd period - Shot by Casey Mittelstadt.
15:40 of 2nd period - Goal by Casey Mittelstadt - CALGARY Flames : 2 - VANCOUVER Canucks : 3.
15:41 of 2nd period - Jack Eichel wins face-off versus Sidney Crosby in neutral zone.
15:41 of 2nd period - Nate Schmidt is hit by Carter Rowney and loses puck.
15:46 of 2nd period - Shot by Nate Schmidt.
15:46 of 2nd period - Stopped by Marc-Andre Fleury without a rebound.
15:47 of 2nd period - Jack Eichel wins face-off versus Sidney Crosby in CALGARY Flames zone.
16:56 of 2nd period - Shot by Casey Mittelstadt.
16:56 of 2nd period - Stopped by Marc-Andre Fleury without a rebound.
16:57 of 2nd period - Nick Schmaltz wins face-off versus Devin Shore in CALGARY Flames zone.
17:10 of 2nd period - Shot by Janne Kuokkanen.
17:10 of 2nd period - Deflect By Oskar Lindblom.
17:10 of 2nd period - Stopped by Marc-Andre Fleury without a rebound.
17:11 of 2nd period - Casey Mittelstadt wins face-off versus Alex Newhook in CALGARY Flames zone.
17:28 of 2nd period - Shot by Ryan Dzingel.
17:28 of 2nd period - Stopped by Marc-Andre Fleury without a rebound.
17:29 of 2nd period - Jack Eichel wins face-off versus Nick Schmaltz in CALGARY Flames zone.
17:30 of 2nd period - Shot by Matt Duchene.
17:30 of 2nd period - Shot Blocked by Seth Jones.
18:04 of 2nd period - Shot by Nick Schmaltz.
18:04 of 2nd period - Stopped by Jeremy Swayman with a rebound.
18:23 of 2nd period - Juuso Valimaki is hit by Vladimir Tarasenko and loses puck.
18:40 of 2nd period - Shot by Carter Rowney .
18:40 of 2nd period - Stopped by Jeremy Swayman with a rebound.
19:12 of 2nd period - Shot by Casey Mittelstadt.
19:12 of 2nd period - Stopped by Marc-Andre Fleury with a rebound.
19:48 of 2nd period - Shot by Janne Kuokkanen.
19:48 of 2nd period - Stopped by Marc-Andre Fleury without a rebound.
19:49 of 2nd period - Nick Schmaltz wins face-off versus Michael Rasmussen in CALGARY Flames zone.
Goals for this period are 2 for CALGARY Flames vs 1 for VANCOUVER Canucks .
Shots for this period are 8 for CALGARY Flames vs 20 for VANCOUVER Canucks .

3rd period


0:01 of 3rd period - Sidney Crosby wins face-off versus Jack Eichel in neutral zone.
0:04 of 3rd period - Shot by Kevin Fiala.
0:04 of 3rd period - Shot Misses the Net.
0:08 of 3rd period - Shot by Kevin Fiala.
0:08 of 3rd period - Shot Misses the Net.
0:10 of 3rd period - Shot by John Klingberg.
0:10 of 3rd period - Stopped by Jeremy Swayman without a rebound.
0:11 of 3rd period - Nick Schmaltz wins face-off versus Casey Mittelstadt in VANCOUVER Canucks zone.
0:23 of 3rd period - Jakub Voracek is hit by Nate Schmidt and loses puck.
0:30 of 3rd period - Shot by Jakub Voracek.
0:30 of 3rd period - Shot Misses the Net.
0:33 of 3rd period - Max Pacioretty is hit by Travis Hamonic and loses puck.
0:38 of 3rd period - Shot by Max Pacioretty.
0:38 of 3rd period - Shot Misses the Net.
0:40 of 3rd period - Shot by Jakub Voracek.
0:40 of 3rd period - Shot Blocked by Nate Schmidt.
0:49 of 3rd period - Minor Penalty to Travis Hamonic for Interference.
0:50 of 3rd period - Tomas Nosek wins face-off versus Sidney Crosby in VANCOUVER Canucks zone.
1:52 of 3rd period - Shot by Nick Schmaltz.
1:52 of 3rd period - Shot Blocked by Tobias Bjornfot.
3:02 of 3rd period - Icing by Steven Oleksy.
3:03 of 3rd period - Jack Eichel wins face-off versus Ryan Hartman in CALGARY Flames zone.
3:07 of 3rd period - Icing by Steven Oleksy.
3:08 of 3rd period - Jack Eichel wins face-off versus Ryan Hartman in CALGARY Flames zone.
4:25 of 3rd period - Shot by Joel Eriksson EK.
4:25 of 3rd period - Stopped by Marc-Andre Fleury without a rebound.
4:26 of 3rd period - Devin Shore wins face-off versus Nick Schmaltz in CALGARY Flames zone.
4:29 of 3rd period - Shot by Devin Shore.
4:29 of 3rd period - Stopped by Marc-Andre Fleury without a rebound.
4:30 of 3rd period - Devin Shore wins face-off versus Nick Schmaltz in CALGARY Flames zone.
4:50 of 3rd period - Miro Heiskanen is hit by Ryan Pulock and loses puck.
4:53 of 3rd period - Shot by Jakub Voracek.
4:53 of 3rd period - Stopped by Jeremy Swayman without a rebound.
4:54 of 3rd period - Sidney Crosby wins face-off versus Casey Mittelstadt in VANCOUVER Canucks zone.
5:00 of 3rd period - Icing by Casey Mittelstadt.
5:01 of 3rd period - Sidney Crosby wins face-off versus Casey Mittelstadt in VANCOUVER Canucks zone.
5:13 of 3rd period - Kevin Fiala is hit by Ben Chiarot.
6:14 of 3rd period - Miro Heiskanen is hit by Matt Duchene and loses puck.
7:02 of 3rd period - Shot by Alex Newhook.
7:02 of 3rd period - Stopped by Jeremy Swayman without a rebound.
7:03 of 3rd period - Ryan Hartman wins face-off versus Devin Shore in VANCOUVER Canucks zone.
7:05 of 3rd period - Minor Penalty to Andrew Cogliano for Tripping.
7:06 of 3rd period - Ryan Dzingel wins face-off versus Sidney Crosby in CALGARY Flames zone.
7:06 of 3rd period - Ryan Dzingel is hit by Seth Jones.
7:42 of 3rd period - Nick Schmaltz is hit by Joel Eriksson EK and loses puck.
9:14 of 3rd period - Icing by Ryan Suter.
9:15 of 3rd period - Ryan Hartman wins face-off versus Logan Shaw in CALGARY Flames zone.
10:21 of 3rd period - Shot by Janne Kuokkanen.
10:21 of 3rd period - Stopped by Marc-Andre Fleury without a rebound.
10:22 of 3rd period - Sidney Crosby wins face-off versus Jack Eichel in CALGARY Flames zone.
10:32 of 3rd period - Off-side.
10:33 of 3rd period - Nick Schmaltz wins face-off versus Casey Mittelstadt in neutral zone.
10:35 of 3rd period - Off-side.
10:36 of 3rd period - Sidney Crosby wins face-off versus Vladimir Tarasenko in neutral zone.
10:46 of 3rd period - Shot by Vladimir Tarasenko.
10:46 of 3rd period - Deflect By Jack Eichel.
10:46 of 3rd period - Stopped by Marc-Andre Fleury without a rebound.
10:47 of 3rd period - Casey Mittelstadt wins face-off versus Nick Schmaltz in CALGARY Flames zone.
11:08 of 3rd period - Shot by Joel Eriksson EK.
11:08 of 3rd period - Stopped by Marc-Andre Fleury with a rebound.
11:52 of 3rd period - Shot by Matt Duchene.
11:52 of 3rd period - Stopped by Marc-Andre Fleury without a rebound.
11:53 of 3rd period - Jack Eichel wins face-off versus Alex Newhook in CALGARY Flames zone.
11:57 of 3rd period - Icing by Ryan Suter.
11:58 of 3rd period - Jack Eichel wins face-off versus Alex Newhook in CALGARY Flames zone.
11:58 of 3rd period - Jack Eichel is hit by Steven Oleksy.
12:02 of 3rd period - Shot by Vladimir Tarasenko.
12:02 of 3rd period - Shot Blocked by Ryan Suter.
12:04 of 3rd period - Shot by Vladimir Tarasenko.
12:04 of 3rd period - Stopped by Marc-Andre Fleury without a rebound.
12:05 of 3rd period - Sidney Crosby wins face-off versus Jack Eichel in CALGARY Flames zone.
12:05 of 3rd period - Kevin Fiala is hit by Jack Eichel and loses puck.
12:23 of 3rd period - Shot by Nate Schmidt.
12:23 of 3rd period - Stopped by Marc-Andre Fleury with a rebound.
12:25 of 3rd period - Shot by Travis Hamonic.
12:25 of 3rd period - Shot Misses the Net.
12:27 of 3rd period - Shot by Travis Hamonic.
12:27 of 3rd period - Stopped by Marc-Andre Fleury with a rebound.
12:29 of 3rd period - Shot by Nate Schmidt.
12:29 of 3rd period - Stopped by Marc-Andre Fleury without a rebound.
12:30 of 3rd period - Ryan Dzingel wins face-off versus Nick Schmaltz in CALGARY Flames zone.
12:54 of 3rd period - Off-side.
12:55 of 3rd period - Sidney Crosby wins face-off versus Jack Eichel in neutral zone.
13:09 of 3rd period - Kevin Fiala is hit by Travis Hamonic and loses puck.
13:15 of 3rd period - Minor Penalty to Kevin Fiala for Interference.
13:16 of 3rd period - Casey Mittelstadt wins face-off versus Nick Schmaltz in CALGARY Flames zone.
14:44 of 3rd period - Blake Coleman is hit by Matt Duchene and loses puck.
15:24 of 3rd period - Andrew Cogliano is hit by Devin Shore and loses puck.
15:53 of 3rd period - Shot by Janne Kuokkanen.
15:53 of 3rd period - Shot Misses the Net.
15:55 of 3rd period - Shot by Tobias Bjornfot.
15:55 of 3rd period - Stopped by Marc-Andre Fleury with a rebound.
15:57 of 3rd period - Shot by Tobias Bjornfot.
15:57 of 3rd period - Stopped by Marc-Andre Fleury without a rebound.
15:58 of 3rd period - Michael Rasmussen wins face-off versus Sidney Crosby in CALGARY Flames zone.
16:04 of 3rd period - Icing by Kevin Fiala.
16:05 of 3rd period - Casey Mittelstadt wins face-off versus Kevin Fiala in CALGARY Flames zone.
16:42 of 3rd period - Shot by Kevin Fiala.
16:42 of 3rd period - Shot Misses the Net.
16:45 of 3rd period - Icing by Ryan Dzingel.
16:46 of 3rd period - Casey Mittelstadt wins face-off versus Nick Schmaltz in VANCOUVER Canucks zone.
17:32 of 3rd period - Shot by Vladimir Tarasenko.
17:32 of 3rd period - Shot Blocked by Max Pacioretty.
17:58 of 3rd period - Shot by Blake Coleman.
17:58 of 3rd period - Shot Blocked by Ryan Pulock.
18:25 of 3rd period - Nils Hoglander is hit by Mattias Ekholm and loses puck.
18:34 of 3rd period - Ryan Pulock is hit by Blake Coleman and loses puck.
19:01 of 3rd period - CALGARY Flames , Marc-Andre Fleury is pulled from the net.
19:03 of 3rd period - Shot by Kevin Fiala.
19:03 of 3rd period - Stopped by Jeremy Swayman with a rebound.
19:07 of 3rd period - Shot by Carter Rowney .
19:07 of 3rd period - Shot Misses the Net.
19:09 of 3rd period - Shot by Sidney Crosby.
19:09 of 3rd period - Deflect By Carter Rowney .
19:09 of 3rd period - Stopped by Jeremy Swayman without a rebound.
19:10 of 3rd period - Janne Kuokkanen wins face-off versus Sidney Crosby in VANCOUVER Canucks zone.
19:17 of 3rd period - John Klingberg is hit by Joel Eriksson EK and loses puck.
Goals for this period are 0 for CALGARY Flames vs 0 for VANCOUVER Canucks .
Shots for this period are 5 for CALGARY Flames vs 12 for VANCOUVER Canucks .